 Dungeon Crawl Stone Soup version 0.24.1-14-gf8d2b509d9 (webtiles) character file.

Game seed: 6716723489178572857, levelgen mode: deterministic

56 kitty14015 the Shield-Bearer (level 3, -1/33 HPs)
             Began as a Hill Orc Fighter on Feb 5, 2020.
             Slain by an adder (2 damage)
             ... on level 3 of the Dungeon on May 19, 2020.
             The game lasted 00:24:34 (2701 turns).

kitty14015 the Shield-Bearer (Hill Orc Fighter)     Turns: 2701, Time: 00:24:35

Health: -1/33      AC: 11    Str: 24    XL:     3   Next: 97%
Magic:  3/3        EV:  4    Int:  8    God:
Gold:   161        SH:  9    Dex: 10    Spells: 2/2 levels left

rFire    . . .     SeeInvis .   a - +0 war axe
rCold    . . .     Gourm    .   c - +0 shield
rNeg     . . .     Faith    .   m - +0 plate armour
rPois    .         Spirit   .   (no helmet)
rElec    .         Reflect  .   (no cloak)
rCorr    .         Harm     .   (no gloves)
MR       .....                  (no boots)
Stlth    ..........             (no amulet)
HPRegen  0.11/turn              (no ring)
MPRegen  0.08/turn              (no ring)

@: mighty, lethally poisoned (-1 -> -8)
A: no striking features
a: no special abilities


You were on level 3 of the Dungeon.
You were not hungry.

You visited 1 branch of the dungeon, and saw 3 of its levels.

You collected 161 gold pieces.

Inventory:

Hand Weapons
 a - a +0 war axe (weapon)
 w - a +0 mace
Missiles
 l - 25 poisoned darts
 p - 49 stones
 q - 2 boomerangs (quivered)
Armour
 b - a +0 scale mail
 c - a +0 shield (worn)
 h - a +0 ring mail
 m - a +0 plate armour (worn)
 o - a +0 buckler
Scrolls
 g - a scroll of remove curse
 s - 2 scrolls of identify {unknown}
 u - a scroll of enchant weapon {unknown}
 v - a scroll of amnesia
 x - a scroll of fog {unknown}
Potions
 e - a potion of cancellation {unknown}
 i - a potion of ambrosia {unknown}
 j - a potion of flight {unknown}
 k - a potion of agility {unknown}
 n - a potion of heal wounds {unknown}
 t - a potion of magic {unknown}
Comestibles
 f - 3 rations


   Skills:
 + Level 3.7 Fighting
 * Level 3.8 Axes
 - Level 0.1 Throwing
 + Level 3.7 Armour
 - Level 0.2 Dodging
 + Level 0.7 Stealth
 + Level 3.8 Shields


You had 2 spell levels left.
You didn't know any spells.
Your spell library was empty.

Dungeon Overview and Level Annotations

Branches:
Dungeon (3/15)

Altars:


Message History

The adder bites you but does no damage. You block the adder's attack.
You feel sick. The adder bites you but does no damage. The adder bites you.
* * * LOW HITPOINT WARNING * * *
You feel sick.
You are no longer poisoned.
The adder bites you but does no damage.
A kobold comes into view. It is wielding a +0 club.
The kobold shouts!
The kobold throws a poisoned dart.
You block the poisoned dart.
You see here a poisoned dart.
You feel very mighty all of a sudden. You block the adder's attack.
The kobold throws a poisoned dart.
The poisoned dart hits you!
You are lethally poisoned!
Your shield and plate armour prevent you from hitting the adder.
The adder is heavily wounded.
* * * LOW HITPOINT WARNING * * *
You feel sick. The adder bites you but does no damage. The adder bites you.
You die...

##.###....#....#.
#.# #....####.#.
#.###....# #.#.
##.###...# #.#.
##.#.#..# #.#.
##.##....# #.#.
##.###....# #.#.
##S#.##.#..# #.#.
#@###.##...# #.#+
#.# .#....# ##.
##...# K# #.#..#
## #..[.# #....#
#.#..# ##...#
#....#


You could see an adder and a kobold.

Vanquished Creatures
  An adder (D:3)
  A worm (D:3)
  A dart slug (D:1)
  2 leopard geckos (D:2)
  3 giant cockroaches (D:1)
  5 goblins (D:2)
  7 hobgoblins
  7 kobolds
  A quokka (D:2)
  2 bats
  2 frilled lizards
  6 rats
38 creatures vanquished.

Notes
Turn   | Place    | Note
-------+----------+-------------------------------------------
     0 | D:1      | kitty14015 the Hill Orc Fighter began the quest for the
                  | Orb.
     0 | D:1      | Reached XP level 1. HP: 19/19 MP: 1/1
    62 | D:1      | Upgraded the game from 0.24.0-123-gd5b16e6ec5 to
                  | 0.24.1-14-gf8d2b509d9
   212 | D:1      | Reached XP level 2. HP: 23/27 MP: 2/2
  1410 | D:2      | Reached XP level 3. HP: 29/33 MP: 3/3
  2701 | D:3      | HP: 1/33 [poisoned by a kobold]
  2701 | D:3      | Slain by an adder

Levels and vault maps discovered:
D:1:      minmay_arrival_split_and_join, layout_loops_ring,
          minmay_misc_feat_hallway
D:2:      layout_basic, minmay_door_square, minmay_crystal_water
D:3:      wad_river_or_something, layout_basic,
          chequers_temple_overflow_statue_of_worship, grunt_ministairs_7

Skill      XL: |  1  2 |
---------------+-------+-----
Axes           | 3 |  3.8
Fighting       | |  3.7
Throwing       | |  0.1
Armour         | |  3.7
Dodging        | |  0.2
Stealth        | |  0.7
Shields        | |  3.8

Action                   || total
-------------------------++-------
Melee: War axe           ||   157
Throw: Dart              ||     9
       Boomerang         ||     2
       Throwing net      ||     1
  Use: Scroll            ||     2
       Potion            ||     2
  Eat: Ration            ||     2
Armor: Scale mail        ||    12
       Plate armour      ||    79
       Ring mail         ||     3
Dodge: Dodged            ||    19
Block: Shield            ||    84
